 Dungeon Crawl Stone Soup version 0.19-a0-1682-g5114f93 (webtiles) character file.

42 HungrySpirit the Sneak (level 3, -1/24 HPs)
             Began as an Octopode Assassin on Sept 24, 2016.
             Slain by Natasha (7 damage)
             ... on level 2 of the Dungeon.
             The game lasted 00:01:18 (695 turns).

HungrySpirit the Sneak (Octopode Assassin)           Turns: 695, Time: 00:01:19

Health: -1/24      AC:  2    Str: 10    XL:     3   Next: 56%
Magic:  3/3        EV: 13    Int: 13    God:
Gold:   101        SH:  2    Dex: 14    Spells: 0 memorised, 2 levels left

rFire  . . .     SeeInvis .     a - +2 dagger
rCold  + . .     Gourm    .     (no shield)
rNeg   . . .     Faith    .     (helmet restricted)
rPois  .         Spirit   .     q - +2 amulet of reflection
rElec  .         Dismiss  .     j - ring of protection from cold
rCorr  .         Reflect  +     (no ring)
MR     .....     Harm     .     (no ring)
Stlth  ++++......               (no ring)
                                (no ring)
                                (no ring)
                                (no ring)
                                (no ring)

@: no status effects
A: almost no armour, stealthy swim, amphibious, 8 rings, constrict 8, camouflage
1, gelatinous body 1
a: no special abilities


You were on level 2 of the Dungeon.
You were not hungry.

You visited 1 branch of the dungeon, and saw 2 of its levels.

You collected 101 gold pieces.

Inventory:

Hand Weapons
 a - a +2 dagger (weapon)
 b - a +0 blowgun
Missiles
 c - 26 poisoned needles
 d - 2 curare-tipped needles
Jewellery
 j - a ring of protection from cold (left tentacle)
 q - a +2 amulet of reflection (around mantle)
Scrolls
 g - 8 scrolls of identify {unknown}
 h - a scroll of immolation {unknown}
 k - 2 scrolls of teleportation {unknown}
 l - a scroll of fear {unknown}
 o - a scroll of blinking {unknown}
 p - a scroll of remove curse {unknown}
Potions
 e - a potion of ambrosia {unknown}
 i - a potion of cancellation {unknown}
 m - a potion of haste {unknown}
Comestibles
 f - a bread ration


   Skills:
 - Level 2.0 Fighting
 * Level 2.9 Short Blades
 - Level 2.0 Throwing
 * Level 2.0 Dodging
 + Level 5.7 Stealth


You had 2 spell levels left.
You didn't know any spells.

Dungeon Overview and Level Annotations

Branches:
Dungeon (2/15)

Altars:
Qazlal

Annotations:
D:2 Natasha


Innate Abilities, Weirdness & Mutations

You cannot wear most types of armour.
You are very stealthy in the water.
You are amphibious.
You can wear up to eight rings at the same time.
You can use your tentacles to constrict eight enemies at once.
Your skin changes colour to match your surroundings (Stealth+).
Your rubbery body absorbs attacks. (AC +1, EV +1)


Message History

The hobgoblin hits you with a club.
You barely miss the hobgoblin.
The hobgoblin is heavily wounded.
You constrict the hobgoblin. You block the hobgoblin's attack.
You hit the hobgoblin.
The hobgoblin is almost dead.
You constrict the hobgoblin, but do no damage.
Natasha howls an incantation.
Natasha's front paws start to glow.
You hit the hobgoblin.
You kill the hobgoblin!
The jackal bites you.
* * * LOW HITPOINT WARNING * * *
You barely miss the jackal. Your grab misses the jackal.
The jackal completely misses you.
You closely miss the jackal. Your grab misses the jackal.
You squeeze the jackal.
You kill the jackal!
Natasha claws you!
You die...

....†#.....# #.#
#.##. ######.....#
#.##### #....
####### #>....#
#.### ########.#
#####.#
.......#.####.....#
######............#
#......#.####.....#
#.##.###.# #.....#
# #@# #.# #.....#
#.##h###.# #.....#
#..K5....# #######
#.†#........
..<..#.#######
....#..#.. ...
#..#.#h .. #..#.#.#
. #..#.# #


You could see Natasha, a shadow imp and a kobold.

Vanquished Creatures
  An adder (D:2)
  A worm (D:2)
  2 dart slugs
  2 leopard geckos (D:1)
  2 bats
  3 giant cockroaches (D:2)
  2 goblins
  A hobgoblin (D:2)
  4 jackals (D:2)
  A ball python (D:1)
  3 kobolds
22 creatures vanquished.

Notes
Turn   | Place    | Note
-------+----------+-------------------------------------------
     0 | D:1      | HungrySpirit the Octopode Assassin began the quest for the Orb.
     0 | D:1      | Reached XP level 1. HP: 14/14 MP: 1/1
    84 | D:1      | Reached XP level 2. HP: 16/19 MP: 2/2
   515 | D:2      | Reached XP level 3. HP: 24/24 MP: 3/3
   552 | D:2      | Found a faded altar of an unknown god.
   561 | D:2      | Became a worshipper of Qazlal Stormbringer
   561 | D:2      | Reached * piety under Qazlal
   626 | D:2      | Fell from the grace of Qazlal
   671 | D:2      | Noticed Natasha
   695 | D:2      | Slain by Natasha

Vault maps used:
D:1:      saegor_arrival_simple_f
D:2:      ecumenical_altar_1, uniq_natasha

Skill      XL: |  1  2  3 |
---------------+----------+-----
Dodging        | 2 |  2.0
Fighting       | |  2.0
Short Blades   | |  2.9
Throwing       | |  2.0
Stealth        | |  5.7

Action                   || total
-------------------------++-------
Melee: Dagger            ||    52
       Constrict         ||    11
       Tentacles         ||    11
Invok: Renounce Religion ||     1
 Stab: Sleeping          ||     8
Armor: Skin              ||     4
Dodge: Dodged            ||    15
Block: Other             ||     3
